 Dungeon Crawl Stone Soup version 0.30.1-4-g462c640d31 (webtiles) character file.

Game seed: 5038264992358288469

21 MrPagan1517 the Poker (level 2, -1/26 HPs)
             Began as a Gnoll Reaver on Sept 2, 2023.
             Slain by a gnoll
             ... wielding a +0 club
              (4 damage)
             ... on level 1 of the Dungeon.
             The game lasted 00:01:46 (660 turns).

MrPagan1517 the Poker (Gnoll Reaver)                 Turns: 660, Time: 00:01:46

Health: -1/26      AC:  3    Str: 11    XL:     2   Next: 83%
Magic:  7/7        EV: 12    Int: 12    God:
Gold:   93         SH:  0    Dex: 10    Spells: 9/10 levels left

rFire   . . .        a - +0 spear
rCold   . . .        (no shield)
rNeg    . . .        b - +0 leather armour
rPois   .            (no helmet)
rElec   .            (no cloak)
rCorr   .            (no gloves)
SInv    .            (no boots)
Will    .....        (no amulet)
Stlth   +            h - ring of flight
HPRegen 0.24/turn    (no ring)
MPRegen 0.10/turn

%: no passive effects
@: flying
A: fangs 1, strong nose, distributed training
a: no special abilities


You were on level 1 of the Dungeon.
You visited 1 branch of the dungeon, and saw 2 of its levels.

You collected 93 gold pieces.

Inventory:

Hand Weapons
 a - a +0 spear (weapon)
Armour
 b - a +0 leather armour (worn)
Jewellery
 h - a ring of flight (left hand)
Scrolls
 d - 2 scrolls of identify {unknown}
 f - a scroll of vulnerability {unknown}
 g - a scroll of immolation {unknown}
Potions
 c - a potion of heal wounds {unknown}
 e - a potion of brilliance {unknown}


   Skills:
 + Level 4.5 Fighting
 + Level 0.5 Short Blades
 + Level 0.5 Long Blades
 + Level 0.5 Axes
 + Level 0.5 Maces & Flails
 + Level 6.5 Polearms
 + Level 0.5 Staves
 + Level 0.5 Ranged Weapons
 + Level 0.5 Throwing
 + Level 0.5 Armour
 + Level 4.5 Dodging
 + Level 0.5 Stealth
 + Level 0.5 Shields
 + Level 0.5 Unarmed Combat
 + Level 4.9 Spellcasting
 + Level 5.4 Conjurations
 + Level 0.4 Hexes
 + Level 0.4 Summonings
 + Level 0.4 Necromancy
 + Level 0.4 Translocations
 + Level 0.4 Transmutations
 + Level 0.4 Fire Magic
 + Level 0.4 Ice Magic
 + Level 0.4 Air Magic
 + Level 0.4 Earth Magic
 + Level 0.4 Poison Magic
 + Level 0.7 Invocations
 + Level 0.5 Evocations


You had 9 spell levels left.
You knew the following spells:

 Your Spells              Type           Power      Damage    Failure   Level
a - Kiss of Death         Conj/Necr      36%        2d8       9%          1

Your spell library contained the following spells:

 Spells                   Type           Power      Damage    Failure   Level
 Momentum Strike          Conj/Tloc      18%        3d8       12%         2
 Hailstorm                Conj/Ice       9%         3d4       24%         3
 Inner Flame              Hex/Fire       3%         N/A       56%         3
 Yara's Violent Unravell  Hex/Tmut       1%         3d3       99%         5
 Enfeeble                 Hex            1%         N/A       100%        7


Dungeon Overview and Level Annotations

Branches:
Dungeon (2/15)

Altars:


Innate Abilities, Weirdness & Mutations

You have very sharp teeth.
Your uncanny sense of smell can sniff out nearby items.
Your experience applies equally to all skills.


Message History

An endoplasm comes into view.
You see here a bat corpse.
The endoplasm quivers.
You hit the gnoll.
The gnoll is lightly wounded.
The gnoll closely misses you.
You hit the gnoll.
The gnoll is moderately wounded.
You hit the gnoll but do no damage.
The gnoll is moderately wounded.
The gnoll hits you with a +0 club.
The gnoll hits you from afar with a +0 spear!
You hit the gnoll.
The gnoll is heavily wounded.
The gnoll hits you from afar with a +0 spear.
The gnoll closely misses you.
You are too injured to fight recklessly!
You are too injured to fight recklessly!
The gnoll attacks as you move away! The gnoll hits you with a +0 club.
* * * LOW HITPOINT WARNING * * *
There is a stone staircase leading up here.
The gnoll hits you with a +0 club.
* * * LOW HITPOINT WARNING * * *
You fly upwards.
There is a stone staircase leading down here.
You hit the gnoll but do no damage.
The gnoll is heavily wounded.
The gnoll closely misses you.
You hit the gnoll.
The gnoll is severely wounded.
You hit the gnoll but do no damage.
The gnoll is severely wounded.
The gnoll closely misses you.
You hit the gnoll but do no damage.
The gnoll is severely wounded.
The gnoll closely misses you.
You hit the gnoll.
The gnoll is almost dead.
The gnoll hits you with a +0 club.
You die...

#.#.#.# ####.......
#...#.# ##.....#
#.###.# ####### ### #.#
#.#####################
#...[..................
#...................##.
#####..############....
##@g..#............
####...###........
##.............(
########..#####........
#........## #########
##########


You could see a gnoll.

Vanquished Creatures
  2 bats
  3 endoplasms (D:1)
  A giant cockroach (D:1)
  2 goblins
  3 jackals (D:1)
  2 kobolds (D:1)
  A quokka (D:1)
  2 frilled lizards (D:1)
  2 rats
18 creatures vanquished.

Notes
Turn   | Place    | Note
-------+----------+-------------------------------------------
     0 | D:1      | MrPagan1517 the Gnoll Reaver began the quest for the Orb.
     0 | D:1      | Reached XP level 1. HP: 20/20 MP: 6/6
   103 | D:1      | Reached XP level 2. HP: 26/26 MP: 7/7
   660 | D:1      | Slain by a gnoll

Illustrated notes

Levels and vault maps discovered:
D:1:      psy_arrival_radial02, layout_rooms
D:2:      layout_loops_corners, minmay_misc_feat_x

Action                     || total
---------------------------++-------
  Melee: Spear             ||    70
         Punch             ||     1
         Bite              ||     4
 Armour: Leather armour    ||     9
  Dodge: Dodged            ||    26
